 Dungeon Crawl Stone Soup version 0.28.0-1-gb440e238dd (webtiles) character file.

Game seed: 3138471802569026054

2 a3don the Skirmisher (level 1, -1/24 HPs)
             Began as an Ogre Delver on Feb 22, 2022.
             Slain by an adder (4 damage)
             ... on level 4 of the Dungeon.
             The game lasted 00:00:23 (147 turns).

a3don the Skirmisher (Ogre Delver)                   Turns: 147, Time: 00:00:25

Health: -1/24      AC:  3    Str: 15    XL:     1   Next: 40%
Magic:  1/1        EV: 10    Int: 11    God:
Gold:   44         SH:  0    Dex: 10    Spells: 0/0 levels left

rFire   . . .      SeeInvis .   a - +0 hand axe
rCold   . . .      Faith    .   (no shield)
rNeg    . . .      Spirit   .   b - +0 robe
rPois   .          Reflect  .   (helmet restricted)
rElec   .          Harm     .   (no cloak)
rCorr   .          Rampage  .   (gloves unavailable)
Will    .....                   (boots unavailable)
Stlth   ++........              (no amulet)
HPRegen 0.08/turn               (no ring)
MPRegen 0.07/turn               (no ring)

@: lethally poisoned (-1 -> -10)
A: large, unfitting armour, tough skin 1
a: no special abilities


You were on level 4 of the Dungeon.
You visited 1 branch of the dungeon, and saw 2 of its levels.

You collected 44 gold pieces.

Inventory:

Hand Weapons
 a - a +0 hand axe (weapon)
Armour
 b - a +0 robe (worn)
Wands
 g - a wand of digging (3)
Scrolls
 c - a scroll of fog
 d - a scroll of magic mapping
 e - a scroll of fear
Potions
 f - a potion of haste
 h - a potion of degeneration {unknown}


   Skills:
 + Level 4.0 Fighting
 + Level 2.0 Axes
 + Level 1.8 Dodging
 + Level 3.7 Stealth


You couldn't memorise any spells.
You didn't know any spells.
Your spell library contained the following spells:

 Spells                   Type           Power      Damage    Failure   Level
 Slow                     Hex            0%         N/A       34%         1
 Confusing Touch          Hex            0%         N/A       71%         3
 Vampiric Draining        Necr           0%         2d6       71%         3


Dungeon Overview and Level Annotations

Branches:
Dungeon (5/15)
 Temple: D:4-7

Altars:


Innate Abilities, Weirdness & Mutations

You are too large for most types of armour.
You have tough skin. (AC +1)


Message History

You miss the adder. The adder closely misses you.
You closely miss the adder. The adder bites you.
You are poisoned.
The adder poisons you! The adder closely misses you.
You hit the adder but do no damage.
You feel sick. The adder bites you but does no damage.
You miss the adder.
You feel sick. The adder bites you.
You are more poisoned.
The adder poisons you! The adder barely misses you.
You barely miss the adder.
You feel sick. The adder bites you.
You completely miss the adder. You punch the adder.
The adder is lightly wounded.
You feel sick. The adder closely misses you. x2
You are too injured to fight recklessly!
You are too injured to fight recklessly!
You hit the adder.
The adder is heavily wounded.
You feel sick. The adder bites you.
You are more poisoned.
The adder poisons you! The adder barely misses you.
You closely miss the adder.
The adder is heavily wounded.
You feel sick. The adder closely misses you.
You barely miss the adder.
The adder is heavily wounded.
* * * LOW HITPOINT WARNING * * *
You feel sick. The adder bites you but does no damage.
The adder closely misses you.
You closely miss the adder.
The adder is heavily wounded.
* * * LOW HITPOINT WARNING * * *
You feel sick. The adder closely misses you.
You closely miss the adder.
The adder is heavily wounded.
* * * LOW HITPOINT WARNING * * *
You feel sick. The adder bites you.
* * * LOW HITPOINT WARNING * * *
You are more poisoned.
The adder poisons you! The adder bites you.
You die...

.........>...... ....
.....#.......###.. ....
..# #.........# #..##.#
##.....).###.
#.....###.............
#.....#.##............
###.....................
#......S.(..$...........
.......@...#....##......
....!......##.......#..#
###.................####
##.##..#.........##
#....###.###..### #..###
># ### ### ##


You could see an adder.

Vanquished Creatures
  An endoplasm (D:4)
  A kobold (D:4)
2 creatures vanquished.

Notes
Turn   | Place    | Note
-------+----------+-------------------------------------------
     0 | D:5      | a3don the Ogre Delver began the quest for the Orb.
     0 | D:5      | Reached XP level 1. HP: 24/24 MP: 1/1
   147 | D:4      | Slain by an adder

Illustrated notes

Levels and vault maps discovered:
D:4:      layout_cave_pools, portal_sewer_entry_e, kennysheep_donut
D:5:      layout_basic, minmay_temple_entry_enclosed_plants

Action                   || total
-------------------------++-------
Melee: Hand axe          ||    15
       Punch             ||     2
Armor: Robe              ||     3
Dodge: Dodged            ||    10
